 Dungeon Crawl Stone Soup version 0.26.0-20-g3ca415f5b8 (webtiles) character file.

Game seed: 4909328131883173277

27 jiml777 the Gusty (level 2, -1/19 HPs)
             Began as a Demonspawn Air Elementalist on Jan 25, 2021.
             Slain by a kobold
             ... wielding a +0 short sword
              (5 damage)
             ... on level 1 of the Dungeon.
             The game lasted 00:05:21 (965 turns).

jiml777 the Gusty (Demonspawn Air Elementalist)      Turns: 965, Time: 00:05:22

Health: -1/19      AC:  2    Str:  8    XL:     2   Next: 93%
Magic:  4/5        EV: 12    Int: 16    God:
Gold:   6          SH:  0    Dex: 13    Spells: 2/5 levels left

rFire    . . .     SeeInvis .   f - +0 short sword
rCold    . . .     Faith    .   (no shield)
rNeg     . . .     Spirit   .   b - +0 robe
rPois    .         Reflect  .   (helmet restricted)
rElec    .         Harm     .   (no cloak)
rCorr    .         Rampage  .   (no gloves)
Will     .....                  (no boots)
Stlth    ++........             (no amulet)
HPRegen  0.06/turn              (no ring)
MPRegen  0.09/turn              (no ring)

@: no status effects
A: antennae 1
a: no special abilities


You were on level 1 of the Dungeon.
You visited 1 branch of the dungeon, and saw 1 of its levels.

You collected 6 gold pieces.

Inventory:

Hand Weapons
 f - a +0 short sword (weapon)
Armour
 a - a +0 robe
 b - a +0 robe (worn)
Jewellery
 e - an uncursed ring of protection from fire {unknown}
Scrolls
 c - a scroll of blinking {unknown}
 d - a scroll of remove curse {unknown}


   Skills:
 + Level 0.1 Short Blades
 + Level 1.8 Dodging
 + Level 2.1 Stealth
 + Level 2.2 Spellcasting
 * Level 1.0 Conjurations
 + Level 3.3 Air Magic


You had 2 spell levels left.
You knew the following spells:

 Your Spells              Type           Power        Failure   Level
a - Shock                 Conj/Air       32%          9%          1
b - Swiftness             Air            12%          8%          2

Your spell library contained the following spells:

 Spells                   Type           Power        Failure   Level
 Static Discharge         Conj/Air       8%           24%         3
 Airstrike                Air            6%           45%         4
 Lightning Bolt           Conj/Air       4%           92%         5


Dungeon Overview and Level Annotations

Branches:
Dungeon (1/15)

Altars:


Innate Abilities, Weirdness & Mutations

You have a pair of small antennae on your head.


Message History

The goblin closely misses you.
The kobold hits you with a +0 short sword.
You closely miss the kobold.
The kobold is severely wounded.
The kobold closely misses you. The goblin hits you with a +0 club.
You closely miss the kobold.
The kobold is severely wounded.
The kobold misses you. The goblin completely misses you.
You closely miss the kobold.
The kobold is severely wounded.
The kobold misses you. The goblin hits you with a +0 club.
* * * LOW HITPOINT WARNING * * *
Casting: Shock (safe; 9% risk of failure)
Confirm with . or Enter, or press ? or * to list all spells.
Aiming: Shock (safe; 9% risk of failure)
Press: ? - help, Shift-Dir - straight line, f - kobold
Aim: a kobold, wielding a +0 short sword (severely wounded, 40% to evade)
The zap misses the kobold.
The kobold hits you with a +0 short sword.
You die...

.................
####.....†..#### ##...##'###
#...#....# #...#....# ##
#...#....# g.# #####.g..# #.#
##K### #.# ###@########.#
#.######............#
####............########
#...............#
#...............#
#.....###.......####
#......##..........#
#....w.######.##.#.##########
#.......#####.##.#....†.....#


You could see a goblin and a kobold.

Vanquished Creatures
  An ooze (D:1)
  A dart slug (D:1)
  A leopard gecko (D:1)
  2 bats (D:1)
  A giant cockroach (D:1)
  5 goblins (D:1)
  A hobgoblin (D:1)
  2 kobolds (D:1)
  A ball python (D:1)
  2 frilled lizards (D:1)
  A rat (D:1)
18 creatures vanquished.

Notes
Turn   | Place    | Note
-------+----------+-------------------------------------------
     0 | D:1      | jiml777 the Demonspawn Air Elementalist began the quest for
                  | the Orb.
     0 | D:1      | Reached XP level 1. HP: 13/13 MP: 3/3
   383 | D:1      | Reached skill level 3 in Air Magic
   492 | D:1      | Gained mutation: You have a pair of small antennae on your
                  | head. [demonic ancestry]
   492 | D:1      | Reached XP level 2. HP: 19/19 MP: 3/5
   940 | D:1      | Learned a level 2 spell: Swiftness
   965 | D:1      | Slain by a kobold

Illustrated notes

Levels and vault maps discovered:
D:1:      matt_arrival_spirals, layout_basic

Skill      XL: |  1  2 |
---------------+-------+-----
Air Magic      | 3 |  3.3
Stealth        | 2 |  2.1
Short Blades   | |  0.1
Dodging        | |  1.8
Spellcasting   | |  2.2
Conjurations   | |  1.0

Action                   || total
-------------------------++-------
Melee: Unarmed           ||     9
       Short sword       ||    35
 Cast: Shock             ||    23
 Stab: Sleeping          ||     2
Armor: Robe              ||    11
Dodge: Dodged            ||    43
